 Dungeon Crawl Stone Soup version 0.31.0-9-g3a7656b989 (webtiles) character file.

Game seed: 18227764479531731468

205 qw the Skirmisher (level 5, -6/29 HPs)
             Began as a Deep Elf Hunter on Feb 2, 2024.
             Mangled by an ice beast (12 damage)
             ... on level 3 of the Dungeon.
             The game lasted 00:00:07 (1918 turns).

qw the Skirmisher (Deep Elf Hunter)                 Turns: 1918, Time: 00:00:07

Health: -6/29      AC:  4    Str: 10    XL:     5   Next: 53%
Magic:  7/7        EV: 12    Int: 14    God:
Gold:   172        SH:  0    Dex: 18    Spells: 4/4 levels left

rFire   . . .        a - +0 shortbow
rCold   . . .        (shield currently unavailable)
rNeg    . . .        c - +0 leather armour
rPois   .            b - +0 helmet
rElec   .            (no cloak)
rCorr   .            (no gloves)
SInv    .            (no boots)
Will    .....        (no amulet)
Stlth   ++           (no ring)
HPRegen 0.24/turn    (no ring)
MPRegen 0.10/turn

%: no passive effects
@: no status effects
A: no striking features
a: no special abilities


You were on level 3 of the Dungeon.
You visited 1 branch of the dungeon, and saw 3 of its levels.

You collected 172 gold pieces.


   Skills:
 - Level 1.5 Fighting
 - Level 9.0 Ranged Weapons
 + Level 2.7 Dodging
 - Level 1.2 Stealth


You had 4 spell levels left.
You didn't know any spells.
Your spell library was empty.

Inventory:

Hand Weapons
 a - a +0 shortbow (weapon)
Armour
 b - a +0 helmet (worn)
 c - a +0 leather armour (worn)
Jewellery
 g - a ring of fire
Scrolls
 i - 3 scrolls of identify
 j - a scroll of fog {unknown}
Potions
 d - a potion of curing
 e - a potion of haste {unknown}
 f - 2 potions of brilliance {unknown}
 h - a potion of mutation {unknown}

Dungeon Overview and Level Annotations

Branches:
Dungeon (3/15)

Altars:

Annotations:
D:1 2 transporters


Message History

A rat comes into view.
The rat moves out of view.
j - a scroll labelled VOFAIRH XANOSH You shoot an arrow.
The arrow hits the rat.
You kill the rat!
A hobgoblin comes into view.
The hobgoblin shouts!
You shoot an arrow.
The arrow hits the hobgoblin but does no damage.
You shoot an arrow. The arrow hits the hobgoblin.
You kill the hobgoblin!
An ice beast comes into view.
You shoot an arrow.
The arrow hits the ice beast but does no damage.
You shoot an arrow.
The arrow hits the ice beast but does no damage.
You shoot an arrow. The arrow closely misses the ice beast.
You shoot an arrow.
The arrow hits the ice beast but does no damage.
You shoot an arrow. The arrow hits the ice beast.
The ice beast is lightly wounded.
You shoot an arrow.
The arrow hits the ice beast but does no damage.
The ice beast is lightly wounded.
You shoot an arrow. The arrow hits the ice beast.
The ice beast is moderately wounded.
The ice beast hits you but does no damage.
You shoot an arrow.
The arrow hits the ice beast but does no damage.
The ice beast is moderately wounded.
The ice beast hits you. The ice beast freezes you!
You shoot an arrow. The arrow closely misses the ice beast.
The ice beast hits you. The ice beast freezes you!
You shoot an arrow. The arrow closely misses the ice beast.
The ice beast completely misses you.
You shoot an arrow.
The arrow hits the ice beast but does no damage.
The ice beast is moderately wounded.
The ice beast hits you. The ice beast freezes you!
You die...

#.##.........
..##....####. .#
........# . ........#
####. ...#.<..# #...
##......# #. #...
##.....####.
#..####...
##.........
#..Y...%..
#.#...###.###@#####.#
#.#.......%...:......
#####.#.#..#..####.##
#.## #.#.#..........#
...# #...#..........#
...# #.....####...#
...# #.#...# ...#
...# #.#...# ..# ...#
#.#...# .#


You could see an ice beast.

Vanquished Creatures
  2 orc priests (D:2)
  Robin (D:2)
  4 adders (D:2)
  4 gnolls (D:3)
  2 dart slugs (D:1)
  4 orcs
  2 ball pythons
  An endoplasm (D:2)
  2 giant cockroaches
  17 goblins
  4 hobgoblins
  A quokka (D:2)
  4 bats
  5 frilled lizards
  2 kobolds
  4 rats
59 creatures vanquished.

Notes
Turn   | Place    | Note
-------+----------+-------------------------------------------
     0 | D:1      | qw the Deep Elf Hunter began the quest for the Orb.
     0 | D:1      | Reached XP level 1. HP: 12/12 MP: 3/3
     0 | D:1      | 0 ||| qw: Version: 0.3-a-155-g5e7d8dd
     0 | D:1      | 0 ||| qw: Game counter: 2743
     0 | D:1      | 0 ||| qw: Melee chars always use a shield: true
     0 | D:1      | 0 ||| qw: God list: Okawaru
     0 | D:1      | 0 ||| qw: Allow faded altars: false
     0 | D:1      | 0 ||| qw: Do Orc after clearing Dungeon:15 true
     0 | D:1      | 0 ||| qw: Do second Lair branch before Depths: true
     0 | D:1      | 0 ||| qw: Lair rune preference: random
     0 | D:1      | 0 ||| qw: Goals: Normal
     0 | D:1      | 0 ||| PLANNING D:1-11
    71 | D:1      | Reached skill level 6 in Ranged Weapons
    71 | D:1      | Reached XP level 2. HP: 12/16 MP: 4/4
   274 | D:1      | Found a faded altar of an unknown god.
   398 | D:1      | 398 ||| READING scroll labelled EBOEBLOOGA.
   398 | D:1      | 398 ||| IDENTIFYING dark potion
   399 | D:1      | 399 ||| DRINKING 2 sapphire potions.
   400 | D:1      | 400 ||| DRINKING 2 coppery potions.
   401 | D:1      | 401 ||| DRINKING 2 amethyst potions.
   440 | D:1      | 440 ||| DROPPING scroll of butterflies.
   441 | D:1      | 441 ||| DROPPING potion of lignification.
   442 | D:1      | 442 ||| DROPPING potion of degeneration.
   630 | D:2      | Reached XP level 3. HP: 17/20 MP: 5/5
   685 | D:2      | Reached skill level 7 in Ranged Weapons
   744 | D:2      | Reached XP level 4. HP: 25/25 MP: 6/6
   744 | D:2      | Noticed Robin
   758 | D:2      | Killed Robin
  1350 | D:2      | 1350 ||| UPGRADING to +0 helmet.
  1355 | D:2      | 1355 ||| READING scroll labelled VIRCHE JELUE.
  1413 | D:3      | 1413 ||| STAIRDANCE
  1417 | D:3      | 1417 ||| STAIRDANCE
  1420 | D:2      | HP: 5/25 [orc priest/+0 flail (4)]
  1421 | D:2      | 1421 ||| DRINKING potion of heal wounds.
  1424 | D:2      | Reached skill level 8 in Ranged Weapons
  1453 | D:3      | 1453 ||| STAIRDANCE
  1456 | D:2      | HP: 5/25 [orc priest/+0 short sword (3)]
  1459 | D:2      | Reached XP level 5. HP: 6/29 MP: 7/7
  1841 | D:3      | Reached skill level 9 in Ranged Weapons
  1907 | D:3      | Noticed an ice beast
  1918 | D:3      | HP: 6/29 [ice beast (4)]
  1918 | D:3      | Mangled by an ice beast

Levels and vault maps discovered:
D:1:      spicycebolla_arrival_transporter_tutorial, layout_rooms,
          hellmonk_ecumenical_altar_blasted
D:2:      layout_basic, serial_curves, eino_curves_04, eino_curves_04,
          uniq_robin
D:3:      layout_basic, serial_park_tiny_1

Skill      XL: |  1  2  3  4  5 |
---------------+----------------+-----
Ranged Weapons | 6 7 8 9 |  9.0
Fighting       | |  1.5
Dodging        | |  2.7
Stealth        | |  1.2

Action                     |  1- 3 |  4- 6 || total
---------------------------+-------+-------++-------
   Fire: Shortbow          |    80 |    96 ||   176
    Use: Potion            |     3 |     1 ||     4
         Scroll            |     1 |     1 ||     2
 Armour: Leather armour    |    11 |    42 ||    53
  Dodge: Dodged            |    13 |    41 ||    54

Table legend:
 A = Non-vault XP
 B = Vault XP
 C = Vault XP percentage of total XP
 D = Non-vault monster count
 E = Vault monster count
 F = Vault count percentage of total count
                 A         B        C        D         E       F
            +---------+---------+-------+---------+---------+-------
      Total |     259 |      35 |  11.9 |      47 |      12 |  20.3
            +---------+---------+-------+---------+---------+-------
        D:1 |      24 |       0 |   0.0 |      14 |       0 |   0.0
        D:2 |     161 |      35 |  17.9 |      20 |      12 |  37.5
        D:3 |      74 |       0 |   0.0 |      13 |       0 |   0.0
            +---------+---------+-------+---------+---------+-------
